 Dungeon Crawl Stone Soup version 0.30-a0-1043-g60ff8d5f49 (webtiles) character file.

Game seed: 15436872817954162638

114 gelatine the Shooter (level 4, -5/35 HPs)
             Began as a Demonspawn Hunter on Apr 10, 2023.
             Slain by a gnoll
             ... wielding a +0 flail
              (6 damage)
             ... on level 3 of the Dungeon.
             The game lasted 00:06:36 (1698 turns).

gelatine the Shooter (Demonspawn Hunter)            Turns: 1698, Time: 00:06:36

Health: -5/35      AC:  3    Str: 13    XL:     4   Next: 67%
Magic:  5/5        EV: 12    Int: 10    God:
Gold:   81         SH:  0    Dex: 17    Spells: 3/5 levels left

rFire   . . .      SeeInvis .    a - +0 shortbow
rCold   . . .      Faith    .    (shield currently unavailable)
rNeg    . . .      Spirit   .    c - +0 leather armour
rPois   .          Reflect  .    (no helmet)
rElec   .          Rampage  .    (no cloak)
rCorr   .                        (no gloves)
Will    .....                    (no boots)
Stlth   ++                       (no amulet)
HPRegen 0.25/turn                (no ring)
MPRegen 0.09/turn                (no ring)

@: no status effects
A: claws 1
a: no special abilities


You were on level 3 of the Dungeon.
You visited 1 branch of the dungeon, and saw 3 of its levels.

You collected 81 gold pieces.

Inventory:

Hand Weapons
 a - a +0 shortbow (weapon)
 b - the +7 spear of Isoiq {heavy, Str+5 Int-2}
   (You found it on level 2 of the Dungeon)

   Str:       It affects your strength (+5).
   Int:       It affects your intelligence (-2).
Armour
 c - a +0 leather armour (worn)
Scrolls
 e - a scroll of vulnerability {unknown}
 f - a scroll of amnesia {unknown}
 g - 2 scrolls of enchant armour {unknown}
 h - a scroll of immolation
 j - a scroll of blinking {unknown}
 l - a scroll of teleportation {unknown}
 m - a scroll of fear {unknown}
 n - a scroll of identify {unknown}
Potions
 d - a potion of attraction {unknown}
 i - 2 potions of degeneration {unknown}
 k - 3 potions of heal wounds {unknown}
 o - a potion of invisibility {unknown}


   Skills:
 * Level 3.0 Fighting
 + Level 0.2 Polearms
 + Level 4.5 Ranged Weapons
 * Level 0.5 Armour
 * Level 2.2 Dodging
 + Level 1.1 Stealth
 * Level 1.0 Spellcasting


You had 3 spell levels left.
You knew the following spells:

 Your Spells              Type           Power      Damage    Failure   Level
a - Blink                 Tloc           0%         N/A       54%         2

Your spell library contained the following spells:

 Spells                   Type           Power      Damage    Failure   Level
 Lesser Beckoning         Tloc           0%         N/A       54%         2
 Momentum Strike          Conj/Tloc      0%         3d8       54%         2


Dungeon Overview and Level Annotations

Branches:
Dungeon (3/15)

Altars:


Innate Abilities, Weirdness & Mutations

You have sharp fingernails.


Message History

You shoot an arrow. The arrow hits the gnoll!
The gnoll is almost dead.
The gnoll barely misses you. The gnoll misses you.
Fire: a) +0 shortbow
Press: ? - help, Q - select action Shift-Dir - straight line, f/p - gnoll
Aim: a gnoll, wielding a +2 halberd of protection (almost dead, 66% to hit)
You shoot an arrow. The arrow hits the gnoll.
The gnoll is almost dead.
The gnoll closely misses you. x2
Fire: a) +0 shortbow
Press: ? - help, Q - select action Shift-Dir - straight line, f/p - gnoll
Aim: a gnoll, wielding a +2 halberd of protection (almost dead, 66% to hit)
You shoot an arrow. The arrow hits the gnoll!
You kill the gnoll!
The gnoll barely misses you. The gnoll completely misses you.
Your Fighting skill increases to level 3!
Fire: a) +0 shortbow
Press: ? - help, Q - select action Shift-Dir - straight line, f - gnoll
Aim: a gnoll, wielding a +0 flail and quivering stones (66% to hit)
You shoot an arrow.
The arrow hits the gnoll but does no damage.
The gnoll closely misses you.
Fire: a) +0 shortbow
Press: ? - help, Q - select action Shift-Dir - straight line, f/p - gnoll
Aim: a gnoll, wielding a +0 flail and quivering stones (66% to hit)
You shoot an arrow. The arrow closely misses the gnoll.
The gnoll completely misses you. The gnoll closely misses you.
The gnoll hits you from afar with a +0 spear.
* * * LOW HITPOINT WARNING * * *
The gnoll hits you with a +0 flail.
* * * LOW HITPOINT WARNING * * *
Fire: a) +0 shortbow
Press: ? - help, Q - select action Shift-Dir - straight line, f/p - gnoll
Aim: a gnoll, wielding a +0 flail and quivering stones (66% to hit)
You shoot an arrow. The arrow hits the gnoll!
The gnoll is severely wounded.
The gnoll hits you from afar with a +0 spear.
* * * LOW HITPOINT WARNING * * *
The gnoll hits you with a +0 flail.
You die...

.####.~~~~#
....#.~~~~
.......~~~
........†
......... #.
.$....)g# ##.
.....!.†## #..
..$....@g##
##..##
..........# ...
..#
.......#..####.#
#.#
########...#...#
##.####
##....#####.<.#..
#...............
#..#####........
#.####..##
#........
#........#
#......[.


You could see 2 gnolls.

Vanquished Creatures
  An orc priest (D:2)
  A gnoll (D:3)
  An adder (D:2)
  A river rat (D:3)
  A worm (D:2)
  A dart slug (D:2)
  2 orcs (D:2)
  A ball python (D:1)
  5 bats
  3 endoplasms
  2 giant cockroaches
  2 goblins
  2 hobgoblins
  6 jackals
  2 quokkas
  3 frilled lizards
  6 kobolds
  10 rats
50 creatures vanquished.

Notes
Turn   | Place    | Note
-------+----------+-------------------------------------------
     0 | D:1      | gelatine the Demonspawn Hunter began the quest for the Orb.
     0 | D:1      | Reached XP level 1. HP: 16/16 MP: 1/1
   236 | D:1      | Discovered your monstrous ancestry.
   236 | D:1      | Gained mutation: You have sharp fingernails. [demonic
                  | ancestry]
   236 | D:1      | Reached XP level 2. HP: 22/22 MP: 2/2
   238 | D:1      | Reached skill level 4 in Ranged Weapons
   806 | D:2      | Identified the +7 spear of Isoiq {heavy, Str+5 Int-2}
   821 | D:2      | Reached skill level 1 in Stealth
   821 | D:2      | Reached XP level 3. HP: 25/28 MP: 3/3
  1033 | D:2      | Reached XP level 4. HP: 34/34 MP: 4/4
  1409 | D:2      | Learned a level 2 spell: Blink
  1556 | D:2      | Reached skill level 1 in Spellcasting
  1698 | D:3      | HP: 1/35 [gnoll/+0 spear (4)]
  1698 | D:3      | Slain by a gnoll

Illustrated notes

Levels and vault maps discovered:
D:1:      psy_arrival_basics, layout_basic, dreamdust_princess_bridge
D:2:      layout_loops_ring, kennysheep_generic_room_5
D:3:      layout_rooms, pdpol_wu_jian_five_deadly_venoms, zin_purify,
          portal_sewer_entry_b, bh_walls_and_bars, uniq_grinder

Skill      XL: |  1  2  3  4 |
---------------+-------------+-----
Ranged Weapons | 4 |  4.5
Stealth        | 1 |  1.1
Dodging        | 2 |  2.2
Spellcasting   | 1 |  1.0
Fighting       | 3 |  3.0
Polearms       | |  0.2
Armour         | |  0.5

Action                     |  1- 3 |  4- 6 || total
---------------------------+-------+-------++-------
  Melee: Spear             |    11 |       ||    11
   Fire: Shortbow          |    44 |    74 ||   118
   Stab: Sleeping          |     1 |       ||     1
 Armour: Leather armour    |     5 |     7 ||    12
  Dodge: Dodged            |     5 |    33 ||    38

Table legend: (Time is in decaauts)
 A = Elapsed time spent in this place.
 B = Non-inter-level travel time spent in this place.
 C = Inter-level travel time spent in this place.
 D = Time resting spent in this place.
 E = Time spent auto-exploring this place.
 F = Levels seen in this place.
 G = Mean time per level.
                   A        B        C        D        E       F      G
               +--------+--------+--------+--------+--------+-----+--------+
         Total |   1737 |   1670 |     67 |      0 |   1394 |   3 |  579.0 |
       Dungeon |   1737 |   1670 |     67 |      0 |   1394 |   3 |  579.0 |
               +--------+--------+--------+--------+--------+-----+--------+

Top non-repeatable levels by time:
     D:2: 827 daAuts
     D:1: 816 daAuts
     D:3: 94 daAuts
